 Dungeon Crawl Stone Soup version 0.30.0-29-ga12c61a403 (webtiles) character file.

Game seed: 8186362197045188164

34 booth the Conjurer (level 3, -1/28 HPs)
             Began as a Demonspawn Reaver on June 17, 2023.
             Slain by a goblin
             ... wielding a +0 club
             ... led by Robin
              (2 damage)
             ... on level 2 of the Dungeon.
             The game lasted 00:07:43 (1077 turns).

booth the Conjurer (Demonspawn Reaver)              Turns: 1077, Time: 00:07:43

Health: -1/28      AC:  3    Str: 14    XL:     3   Next: 14%
Magic:  6/6        EV: 11    Int: 14    God:
Gold:   63         SH:  0    Dex: 11    Spells: 0/6 levels left

rFire   . . .        a - +1 hand axe
rCold   . . .        (no shield)
rNeg    . . .        b - +0 leather armour
rPois   .            (no helmet)
rElec   .            (no cloak)
rCorr   .            (no gloves)
SInv    .            (no boots)
Will    .....        (no amulet)
Stlth   +            (no ring)
HPRegen 0.24/turn    (no ring)
MPRegen 0.10/turn

%: no passive effects
@: flying
A: foul stench 1, powered by pain 1
a: no special abilities


You were on level 2 of the Dungeon.
You visited 1 branch of the dungeon, and saw 2 of its levels.

You collected 63 gold pieces.

Inventory:

Hand Weapons
 a - a +1 hand axe (weapon)
Armour
 b - a +0 leather armour (worn)
Scrolls
 i - a scroll of identify
Potions
 c - a potion of attraction
 d - a potion of invisibility


   Skills:
 + Level 2.3 Fighting
 + Level 2.9 Axes
 + Level 2.1 Dodging
 + Level 2.3 Spellcasting
 + Level 3.3 Conjurations


You couldn't memorise any spells.
You knew the following spells:

 Your Spells              Type           Power      Damage    Failure   Level
a - Kiss of Death         Conj/Necr      24%        2d7       16%         1
b - Momentum Strike       Conj/Tloc      12%        3d8       22%         2
c - Hailstorm             Conj/Ice       6%         3d4       41%         3

Your spell library contained the following spells:

 Spells                   Type           Power      Damage    Failure   Level
 Ice Form                 Ice/Tmut       1%         N/A       96%         4
 Simulacrum               Ice/Necr       0%         N/A       100%        6
 Borgnjor's Revivificati  Necr           0%         N/A       100%        8
 Necromutation            Tmut/Necr      0%         N/A       100%        8
 Death's Door             Necr           0%         N/A       100%        9


Dungeon Overview and Level Annotations

Branches:
Dungeon (2/15)

Altars:

Annotations:
D:2 Robin


Innate Abilities, Weirdness & Mutations

You may rarely emit foul miasma when damaged in melee.
You sometimes gain a little power by taking damage.


Message History

You hit the hobgoblin.
You kill the hobgoblin!
You closely miss the goblin. You completely miss the goblin.
The goblin hits you with a +0 dagger. Robin throws the goblin at you!
The goblin hits you but does no damage.
A goblin comes into view. It is wielding a +0 club.
The goblin completely misses you. The goblin closely misses you.
The goblin hits you with a +0 dagger.
You barely miss the goblin. You hit the goblin. You closely miss the goblin.
A hobgoblin comes into view.
The goblin hits you with a +0 club. The goblin misses you.
The goblin closely misses you.
It was a potion of heal wounds.
You feel much better.
The hobgoblin shouts!
The goblin barely misses you. x2
As you read the scroll labelled KALEON RU JAU, it crumbles to dust.
It is a scroll of identify.
c - a potion of attraction The goblin hits you with a +0 club.
The goblin hits you with a +0 dagger. The goblin barely misses you.
The goblin hits you with a +0 club.
You hit the goblin.
You kill the goblin!
You barely miss the goblin. x3; The goblin hits you with a +0 club.
The goblin barely misses you.
The goblin shouts!
The goblin unwields a +0 club.
The goblin wields a +0 sling.
The goblin shoots a sling bullet.
The sling bullet hits you. Robin throws the goblin at you!
* * * LOW HITPOINT WARNING * * *
The goblin hits you with a +0 club.
* * * LOW HITPOINT WARNING * * *
The goblin hits you with a +0 club.
* * * LOW HITPOINT WARNING * * *
Things that are here:
a +0 dagger; a +0 sling; a goblin corpse It was a potion of flight.
You feel very buoyant.
You fly up into the air.
Robin throws the goblin at you! The goblin hits you with a +0 club.
You die...

#.......g. #........ .#.
#......# ..# #:....g###
#.# #.......g# #.##
##......#g### #..#
..........gg.g# #..#
#...........#g####..###
+
..#.......#wg@#.......#
.##
....#...#...g.g.#####.##
..# ......#........##
#..## #.#
.$....#..)....## ##..#
#.# ..#...#.....# ##.#
#.# #.......#...#
#>####.. ..........#.#
#......# ...##.......#
######.# ..# .........
#.#


You could see a worm, Robin, a hobgoblin (strong) and 7 goblins.

Vanquished Creatures
  5 bats (D:1)
  3 endoplasms
  A giant cockroach (D:1)
  4 goblins
  4 hobgoblins
  3 quokkas
  4 ball pythons
  2 frilled lizards
  2 rats (D:2)
28 creatures vanquished.

Notes
Turn   | Place    | Note
-------+----------+-------------------------------------------
     0 | D:1      | booth the Demonspawn Reaver began the quest for the Orb.
     0 | D:1      | Reached XP level 1. HP: 16/16 MP: 3/3
   219 | D:1      | Gained mutation: You sometimes gain a little power by
                  | taking damage. [demonic ancestry]
   219 | D:1      | Reached XP level 2. HP: 16/22 MP: 5/5
   222 | D:1      | Learned a level 2 spell: Momentum Strike
   954 | D:2      | Gained mutation: You may rarely emit foul miasma when
                  | damaged in melee. [demonic ancestry]
   954 | D:2      | Reached XP level 3. HP: 19/28 MP: 6/6
   993 | D:2      | Learned a level 3 spell: Hailstorm
  1058 | D:2      | Noticed Robin
  1076 | D:2      | HP: 1/28 [goblin/+0 club[Robin] (3)]
  1077 | D:2      | Slain by a goblin

Illustrated notes

Levels and vault maps discovered:
D:1:      lightli_arrival_noodles, layout_basic
D:2:      layout_rooms, minmay_misc_feat_more_columns,
          kennysheep_generic_room_16, uniq_robin

Skill      XL: |  1  2 |
---------------+-------+-----
Dodging        | 2 |  2.1
Fighting       | |  2.3
Axes           | |  2.9
Spellcasting   | |  2.3
Conjurations   | |  3.3

Action                     || total
---------------------------++-------
  Melee: Hand axe          ||    97
         Punch             ||     1
    Use: Scroll            ||     5
         Potion            ||     3
 Armour: Leather armour    ||    33
  Dodge: Dodged            ||    67
